 Dungeon Crawl Stone Soup version 0.27-a0-1281-ge233d83751 (webtiles) character file.

Game seed: 9163199148531422086

51 jimb0 the Chopper (level 3, -2/33 HPs)
             Began as a Minotaur Berserker on June 13, 2021.
             Was a Follower of Trog.
             Slain by Terence (9 damage)
             ... on level 2 of the Dungeon.
             The game lasted 00:09:22 (1785 turns).

jimb0 the Chopper (Minotaur Berserker)              Turns: 1785, Time: 00:09:23

Health: -2/33      AC:  8    Str: 22    XL:     3   Next: 57%
Magic:  2/2        EV:  8    Int:  4    God:    Trog [*.....]
Gold:   56         SH:  0    Dex:  9    Spells: 2/2 levels left

rFire    . . .     SeeInvis .   a - +0 hand axe
rCold    . . .     Faith    .   (no shield)
rNeg     . . .     Spirit   .   g - +0 chain mail
rPois    .         Reflect  .   (helmet restricted)
rElec    .         Harm     .   (no cloak)
rCorr    .         Rampage  .   (no gloves)
Will     .....                  (no boots)
Stlth    ..........             (no amulet)
HPRegen  0.11/turn              (no ring)
MPRegen  0.08/turn              (no ring)

@: no status effects
A: horns 2, retaliatory headbutt
a: Renounce Religion, Berserk


You were on level 2 of the Dungeon.
You worshipped Trog.
Trog was aware of your devotion.
You visited 1 branch of the dungeon, and saw 2 of its levels.

You collected 56 gold pieces.

Inventory:

Hand Weapons
 a - a +0 hand axe (weapon)
Armour
 b - a +0 animal skin
 g - a +0 chain mail (worn)
Scrolls
 e - a scroll of identify {unknown}
Potions
 c - a potion of berserk rage {unknown}
 d - 3 potions of haste {unknown}
 f - a potion of degeneration {unknown}


   Skills:
 + Level 4.2 Fighting
 * Level 4.8 Axes
 - Level 2.6 Armour
 - Level 2.4 Dodging


You had 2 spell levels left.
You didn't know any spells.
Your spell library was empty.

Dungeon Overview and Level Annotations

Branches:
Dungeon (2/15)

Altars:
Gozag

Shops:
D:1 [((

Annotations:
D:2 Terence


Innate Abilities, Weirdness & Mutations

You have a pair of horns on your head.
You reflexively headbutt those who attack you in melee.


Message History

Terence hits you but does no damage.
You completely miss Terence. Terence hits you but does no damage.
You barely miss Terence. Terence closely misses you. You furiously retaliate!
You headbutt Terence. You hit Terence but do no damage.
You headbutt Terence, but do no damage.
Terence is moderately wounded.
Terence hits you with a +4 mace of holy wrath.
Terence hits you but does no damage.
You hit Terence. Your headbutt misses Terence.
Terence is moderately wounded.
Terence hits you with a +4 mace of holy wrath.
You closely miss Terence. You headbutt Terence.
Terence is heavily wounded.
Terence closely misses you.
You closely miss Terence. You headbutt Terence, but do no damage.
Terence is heavily wounded.
Terence hits you with a +4 mace of holy wrath.
You hit Terence.
Terence is heavily wounded.
Terence barely misses you.
You hit Terence. You headbutt Terence.
Terence is severely wounded.
Terence hits you with a +4 mace of holy wrath.
You are too injured to fight recklessly!
You are too injured to fight recklessly!
You are too injured to fight recklessly!
You are too injured to fight recklessly!
You are too injured to fight recklessly!
You are too injured to fight recklessly!
You hit Terence but do no damage.
Terence is severely wounded.
Terence hits you with a +4 mace of holy wrath!
You closely miss Terence. Your headbutt misses Terence.
Terence is severely wounded.
Terence hits you with a +4 mace of holy wrath.
* * * LOW HITPOINT WARNING * * *
You hit Terence.
Terence is almost dead.
Terence hits you with a +4 mace of holy wrath!
You die...

#.#........####....#
#.. #.#......###
#....## #.. #.#......#
#.....#### ##..
#.....## #........#
#... ##....#
##........###... ######
#......_........
#.##......######
########.##......# #...
#....@@..#######'###.##
#.######.######......#
#.#..........##
#.#.#####....#
#.#..........#
#.######.....# ..#
##.#### ..## #.# #.
####.#


You could see Terence.

Vanquished Creatures
  An adder (D:2)
  3 dart slugs (D:1)
  3 ball pythons (D:1)
  2 bats
  3 endoplasms
  2 giant cockroaches (D:1)
  2 goblins (D:1)
  4 jackals (D:1)
  3 kobolds
  2 quokkas (D:1)
  3 frilled lizards (D:1)
  6 rats (D:1)
34 creatures vanquished.

Notes
Turn   | Place    | Note
-------+----------+-------------------------------------------
     0 | D:1      | jimb0 the Minotaur Berserker began the quest for the Orb.
     0 | D:1      | Reached XP level 1. HP: 19/19 MP: 0/0
    19 | D:1      | Found Wopneby's Antique Weapon Boutique.
   237 | D:1      | Reached XP level 2. HP: 27/27 MP: 1/1
   376 | D:1      | Found Redor's Antique Armour Boutique.
   668 | D:1      | Found Ladghucu's Weapon Emporium.
   789 | D:1      | Reached XP level 3. HP: 33/33 MP: 2/2
   909 | D:1      | Reached ** piety under Trog
  1303 | D:2      | Found an opulent altar of Gozag.
  1770 | D:2      | Noticed Terence
  1785 | D:2      | Slain by Terence

Illustrated notes

Levels and vault maps discovered:
D:1:      dpeg_arrival_simpleton_b, layout_loops_ring, serial_shops, shop,
          nicolae_shop_statue_plus, nicolae_shop_waterfront, serial_park_tiny_1
D:2:      layout_basic, serial_co_window_serial, co_window_corner_a,
          co_window_paths_b, co_window_paths_b, co_window_paths_a,
          co_window_of_opportunity_a, co_window_unsneaky_path_b,
          co_window_broadway_c, co_window_broadway_a, co_window_corner_cb,
          co_window_corner_b, co_window_paths_e, co_window_4corner_b,
          glass_columns_c, glass_columns_a, glass_columns_b, glass_columns_a,
          glass_columns_a, basic_altar, serial_shops, shop, uniq_natasha,
          uniq_terence

Skill      XL: |  1  2 |
---------------+-------+-----
Axes           | 4 |  4.8
Fighting       | 4 |  4.2
Armour         | |  2.6
Dodging        | |  2.4

Action                   || total
-------------------------++-------
Melee: Hand axe          ||    70
       Headbutt          ||    18
Armor: Animal skin       ||     7
       Chain mail        ||    34
Dodge: Dodged            ||    56

Table legend: (Time is in decaauts)
 A = Elapsed time spent in this place.
 B = Non-inter-level travel time spent in this place.
 C = Inter-level travel time spent in this place.
 D = Time resting spent in this place.
 E = Time spent auto-exploring this place.
 F = Levels seen in this place.
 G = Mean time per level.
                   A        B        C        D        E       F      G
               +--------+--------+--------+--------+--------+-----+--------+
         Total |   1795 |   1693 |    102 |    231 |   1162 |   2 |  897.5 |
       Dungeon |   1795 |   1693 |    102 |    231 |   1162 |   2 |  897.5 |
               +--------+--------+--------+--------+--------+-----+--------+

Top non-repeatable levels by time:
     D:1: 1210 daAuts
     D:2: 584 daAuts
